 Dungeon Crawl Stone Soup version 0.27.1-34-g3ba077fa99 (webtiles) character file.

Game seed: 16638872212060272511

1646 pkoi the Martial Artist (level 8, -1/61 HPs)
             Began as a Purple Draconian Transmuter on Jan 3, 2022.
             Was an Initiate of Gozag.
             Slain by a shadow (14 damage)
             ... on level 6 of the Dungeon.
             The game lasted 00:07:10 (8563 turns).

pkoi the Martial Artist (DrTm)                      Turns: 8563, Time: 00:07:11

Health: -1/61      AC:  8    Str: 12    XL:     8   Next: 67%
Magic:  12/14      EV: 12    Int: 16    God:    Gozag
Gold:   381        SH:  0    Dex: 12    Spells: 9/15 levels left

rFire    . . .     SeeInvis .     - Unarmed
rCold    . . .     Faith    .   (no shield)
rNeg     . . .     Spirit   .   (armour unavailable)
rPois    .         Reflect  .   (helmet currently unavailable)
rElec    .         Harm     .   h - +0 cloak
rCorr    .         Rampage  .   p - +0 pair of gloves
Will     +....                  (boots currently unavailable)
Stlth    +.........             (no amulet)
HPRegen  0.20/turn              e - ring of flight
MPRegen  0.14/turn              (no ring)

@: appendages (expiring), wereblooded, gold aura, flying
A: horns 2, talons 2, breathe power, AC +6, unfitting armour, cold-blooded
a: Breathe Dispelling Energy, End Transformation, Renounce Religion, Potion
Petition, Call Merchant, Bribe Branch


You were on level 6 of the Dungeon.
You worshipped Gozag.
Gozag was aware of your devotion.
You had temporarily grown beastly horns and talons.
You visited 2 branches of the dungeon, and saw 7 of its levels.

You collected 616 gold pieces.
You spent 195 gold pieces at shops.
You paid 40 gold pieces to Gozag.

Inventory:

Missiles
 b - 4 atropa-tipped darts
 f - 18 poisoned darts
Armour
 h - a +0 cloak (worn)
 p - a +0 pair of gloves (worn)
 q - a +0 pair of boots (melded)
Jewellery
 e - a ring of flight (left hand)
 l - a ring of fire
Wands
 m - a wand of iceblast (7)
 r - a wand of acid (7)
Scrolls
 a - a scroll of magic mapping {unknown}
 d - 2 scrolls of immolation
 g - a scroll of fog {unknown}
 o - 2 scrolls of teleportation
Potions
 c - 2 potions of curing
 i - 2 potions of berserk rage {unknown}
 j - a potion of invisibility {unknown}
 k - 3 potions of haste {unknown}
 n - a potion of magic {unknown}


   Skills:
 + Level 2.0 Fighting
 + Level 2.3 Dodging
 + Level 8.1 Unarmed Combat
 + Level 4.1 Spellcasting
 + Level 7.4 Transmutations


You had 9 spell levels left.
You knew the following spells:

 Your Spells              Type           Power      Damage    Failure   Level
a - Beastly Appendage     Tmut           52%        N/A       1%          1
b - Wereblood             Tmut           26%        N/A       1%          2
c - Spider Form           Tmut/Pois      7%         N/A       11%         3

Your spell library contained the following spells:

 Spells                   Type           Power      Damage    Failure   Level
 Passwall                 Tmut/Erth      12%        N/A       5%          2
 Sandblast                Erth           6%         2d5       17%         1
 Summon Small Mammal      Summ           12%        N/A       17%         1
 Ice Form                 Ice/Tmut       15%        N/A       36%         4
 Call Canine Familiar     Summ           3%         N/A       45%         3
 Ozocubu's Armour         Ice            3%         N/A       45%         3
 Summon Guardian Golem    Hex/Summ       3%         N/A       45%         3
 Lee's Rapid Deconstruct  Erth           1%         3d5*      99%         5
 Ozocubu's Refrigeration  Ice            1%         4d5       100%        7


Dungeon Overview and Level Annotations

Branches:
Dungeon (6/15)             Temple (1/1) D:4

Altars:
Ashenzari
Dithmenos
Elyvilon
Fedhas
Gozag
Hepliaklqana
Kikubaaqudgha
Makhleb
Nemelex Xobeh
Okawaru
Qazlal
Ru
Trog
Uskayaw
Vehumet
Xom
Yredelemnul
Zin
The Shining One

Shops:
D:5 [   D:6 *?*!


Innate Abilities, Weirdness & Mutations

You have temporarily grown beastly horns and talons.
You can breathe bolts of dispelling energy.
Your rich purple scales are hard. (AC +6)
You cannot fit into any form of body armour.
You are cold-blooded and may be slowed by cold attacks.


Message History

* * * LOW HITPOINT WARNING * * *
Unknown command.
You barely miss the centaur. Your headbutt misses the centaur.
The centaur is heavily wounded.
You howl as the wereblood boils in your veins!
The shadow hits you. The centaur barely misses you.
The centaur kicks you but does no damage.
Unknown command.
You punch the centaur!
The centaur is almost dead.
You howl as the wereblood boils in your veins!
The killer bee zombie is no longer distracted by gold.
The centaur barely misses you. The centaur closely misses you.
The killer bee zombie hits you.
* * * LOW HITPOINT WARNING * * *
The shadow hits you!
* * * LOW HITPOINT WARNING * * *
You punch the centaur!
You feel a bit better.
You kill the centaur!
The killer bee zombie hits you but does no damage.
The shadow hits you.
The killer bee zombie barely misses you.
Your Fighting skill increases to level 2!
Your Spellcasting skill increases to level 4!
You punch the centaur skeleton! You claw the centaur skeleton.
The centaur skeleton is severely damaged.
The centaur skeleton hits you but does no damage.
The centaur skeleton closely misses you.
The killer bee zombie hits you but does no damage.
The shadow slips into darkness.
The shadow flickers and vanishes!
Deactivating autopickup; reactivate with Ctrl-A.
You punch the centaur skeleton! You claw the centaur skeleton.
You headbutt the centaur skeleton.
You feel a bit better.
You destroy the centaur skeleton!
Your transformation is almost over.
The killer bee zombie is distracted by your dazzling golden aura.
The shadow strikes at you from the darkness!
You die...
Your body crumbles into a pile of gold.

.########.# ##.##
#...# .##.......###
###.## #...#
...(##......####..##
##.###
....###...###....##
#.## # ##...##..##
###### #.## ###
###.<...## #..# #..
# ##....# ##.# #(. #
##...# #########.#
#.. # #####
#@$.......# #.. #
#..Z{$......## ##..
# ........#######
#... .#....### #.##.
##... #.# ## #....
#.. # #..# .. ..#


You could see a killer bee zombie (unaware).

Vanquished Creatures
  A sky beast (D:6)
  An ice beast (D:6)
  2 ogres (D:6)
  A centaur (D:6)
  2 phantoms
  A bullfrog (D:6)
  4 scorpions
  A water moccasin skeleton (D:5)
  A bullfrog zombie (D:6)
  A centaur zombie (D:6)
  2 jellies
  2 gnoll shamans
  A hound (D:5)
  Crazy Yiuf (D:5)
  2 centaur skeletons
  5 orc wizards
  3 iguanas
  A scorpion zombie (D:5)
  A howler monkey zombie (D:5)
  5 adders
  9 gnolls
  An adder skeleton (D:4)
  2 worms
  3 dart slugs
  16 orcs
  5 endoplasms
  14 giant cockroaches
  3 goblins
  5 hobgoblins
  4 kobolds
  3 quokkas
  5 ball pythons
  2 bats
  5 frilled lizards
  4 rats
119 creatures vanquished.

Notes
Turn   | Place    | Note
-------+----------+-------------------------------------------
     0 | D:1      | pkoi the Draconian Transmuter began the quest for the Orb.
     0 | D:1      | Reached XP level 1. HP: 16/16 MP: 3/3
   245 | D:1      | Reached XP level 2. HP: 18/23 MP: 5/5
   335 | D:1      | Found a faded altar of an unknown god.
  1071 | D:1      | Learned a level 2 spell: Wereblood
  2545 | D:2      | Reached skill level 4 in Unarmed Combat
  2545 | D:2      | Reached XP level 3. HP: 28/28 MP: 6/6
  2592 | D:2      | You are sucked into a shaft and drop 1 floor!
  3230 | D:3      | Reached XP level 4. HP: 20/35 MP: 4/7
  3602 | D:3      | Learned a level 3 spell: Spider Form
  3807 | D:3      | Reached XP level 5. HP: 36/40 MP: 5/9
  4648 | D:4      | Reached skill level 5 in Unarmed Combat
  4872 | D:4      | Found a staircase to the Ecumenical Temple.
  4933 | Temple   | Entered the Ecumenical Temple
  5151 | Temple   | Became a worshipper of Gozag Ym Sagoz the Greedy
  5188 | D:4      | Reached XP level 6. HP: 47/47 MP: 10/10
  5539 | D:5      | Entered Level 5 of the Dungeon
  5805 | D:5      | Found a glowing golden altar of the Shining One.
  5807 | D:5      | Noticed an angel
  5816 | D:5      | Found a basalt altar of Yredelemnul.
  5818 | D:5      | Noticed a profane servitor
  6035 | D:5      | Reached skill level 5 in Transmutations
  6035 | D:5      | Your scales start taking on a rich purple colour.
  6035 | D:5      | Reached XP level 7. HP: 26/52 MP: 9/12
  6045 | D:5      | Reached skill level 6 in Unarmed Combat
  6421 | D:5      | Found a hide-covered altar of Uskayaw.
  6446 | D:5      | Found Gudilaashue's Antique Armour Shoppe.
  6449 | D:5      | Bought a pair of gloves for 81 gold pieces
  6449 | D:5      | Bought a pair of boots for 81 gold pieces
  7014 | D:5      | Found a runed translucent door.
  7015 | D:5      | Noticed Crazy Yiuf
  7248 | D:5      | Killed Crazy Yiuf
  7352 | D:6      | Found Zoen's Assorted Antiques.
  7367 | D:6      | Reached skill level 7 in Unarmed Combat
  7479 | D:6      | Found Muonn's Distillery.
  7492 | D:6      | Reached XP level 8. HP: 44/59 MP: 13/13
  8201 | D:6      | Found Kecutuos's Magic Scroll Emporium.
  8208 | D:6      | Bought a scroll of teleportation for 33 gold pieces
  8223 | D:6      | Found Dimeylurph's Assorted Antiques.
  8292 | D:6      | Reached skill level 8 in Unarmed Combat
  8563 | D:6      | Slain by a shadow

Illustrated notes

Levels and vault maps discovered:
D:1:      grunt_arrival_crossed_arrows, layout_loops_ring,
          chequers_ecumenical_altar_lobes, minmay_misc_feat_alley, st_stairs_1,
          grunt_decor_fettered
D:2:      layout_basic
D:3:      minmay_roachtagon, layout_loops_corners
D:4:      layout_loops_corners, temple_fountains
D:5:      layout_loops_cross, grunt_temple_overflow_holy_war,
          kennysheep_little_box, serial_shops, kennysheep_mini,
          amcnicky_mini_pool_medium, uniq_crazy_yiuf_cottage
D:6:      layout_layer_cave, serial_shops, nicolae_stop_n_shop_1, shop,
          nicolae_stop_n_shop_2, nicolae_shop_waterfront
Temple:   eino_temple_scatter_basement

Skill      XL: |  1  2  3  4  5  6  7  8 |
---------------+-------------------------+-----
Unarmed Combat | 4 5 7 8 |  8.1
Transmutations | 3 4 5 6 7 |  7.4
Spellcasting   | 3 4 |  4.1
Dodging        | 2 |  2.3
Fighting       | 2 |  2.0

Action                   |  1- 3 |  4- 6 |  7- 9 || total
-------------------------+-------+-------+-------++-------
Melee: Unarmed           |   111 |   137 |   192 ||   440
       Kick              |    14 |    17 |    34 ||    65
       Tailslap          |     9 |    22 |    22 ||    53
       Headbutt          |     7 |     8 |    24 ||    39
       Punch             |     1 |     5 |     4 ||    10
 Cast: Beastly Appendage |    14 |     9 |    17 ||    40
       Wereblood         |     7 |     6 |     7 ||    20
 Abil: Breathe Dispellin |       |       |     1 ||     1
  Use: Scroll            |     5 |       |       ||     5
       Potion            |     3 |       |       ||     3
 Stab: Sleeping          |       |     1 |       ||     1
       Distracted        |       |       |     1 ||     1
Armor: Skin              |    31 |    23 |    77 ||   131
Dodge: Dodged            |    66 |    72 |    96 ||   234
